 Dungeon Crawl Stone Soup version 0.31-a0-151-ge443d1f16c (webtiles) character file.

Game seed: 15468364605473998750

275 qw the Shooter (level 6, -2/52 HPs)
             Began as a Minotaur Hunter on June 8, 2023.
             Slain by a gnoll
             ... wielding a +0 whip
              (9 damage)
             ... on level 3 of the Dungeon.
             The game lasted 00:01:06 (2445 turns).

qw the Shooter (Minotaur Hunter)                    Turns: 2445, Time: 00:01:07

Health: -2/52      AC:  3    Str: 14    XL:     6   Next: 3%
Magic:  5/5        EV: 12    Int:  6    God:
Gold:   78         SH:  0    Dex: 15    Spells: 5/5 levels left

rFire   . . .        Y - +0 shortbow (heavy)
rCold   . . .        (shield currently unavailable)
rNeg    . . .        c - +0 leather armour
rPois   .            (helmet restricted)
rElec   .            (no cloak)
rCorr   .            (no gloves)
SInv    +            (no boots)
Will    +....        (no amulet)
Stlth   +            d - ring of see invisible
HPRegen 0.28/turn    (no ring)
MPRegen 0.09/turn

%: no passive effects
@: no status effects
A: horns 2, retaliatory headbutt, high MP 1, strong-willed 1, weak 1
a: no special abilities


You were on level 3 of the Dungeon.
You visited 1 branch of the dungeon, and saw 3 of its levels.

You collected 78 gold pieces.


Innate Abilities, Weirdness & Mutations

You have a pair of horns on your head.
You reflexively headbutt those who attack you in melee.
You have an increased reservoir of magic. (+10% MP)
You are strong-willed. (Will+)
You are weak. (Str -2)


   Skills:
 - Level 4.0 Fighting
 + Level 7.4 Ranged Weapons
 - Level 2.1 Dodging
 - Level 0.7 Stealth


You had 5 spell levels left.
You didn't know any spells.
Your spell library was empty.

Inventory:

Hand Weapons
 Y - a +0 heavy shortbow (weapon)
Armour
 c - a +0 leather armour (worn)
 h - a +0 ring mail
Jewellery
 d - a ring of see invisible (left hand)
 k - a +6 ring of intelligence
Scrolls
 a - a scroll of identify
 b - a scroll of enchant armour {unknown}
Potions
 e - a potion of brilliance {unknown}
 f - a potion of resistance
 i - a potion of mutation
 j - a potion of magic {unknown}

Dungeon Overview and Level Annotations

Branches:
Dungeon (3/15)

Altars:
Vehumet


Message History

The gnoll hits you but does no damage.
The goblin shoots a sling bullet.
The sling bullet closely misses you.
The kobold hits you with a +0 short sword.
You shoot an arrow. The arrow closely misses the kobold.
The arrow hits the goblin!
You kill the goblin!
You feel sick.
You are no longer poisoned.
The goblin shoots a sling bullet.
The sling bullet hits you.
A hobgoblin comes into view.
The kobold hits you with a +0 short sword.
The gnoll hits you with a +0 club.
You shoot an arrow. The arrow closely misses the kobold.
The arrow closely misses the gnoll.
The hobgoblin shouts!
A hobgoblin comes into view.
The kobold misses you. You furiously retaliate!
You headbutt the kobold!
You kill the kobold!
The gnoll hits you with a +0 club.
The goblin shoots a sling bullet.
The sling bullet misses you. The gnoll hits you with a +0 whip.
The goblin shoots a sling bullet.
The sling bullet barely misses you. The gnoll hits you with a +0 club.
You shoot an arrow. The hobgoblin shouts!
The arrow hits the gnoll but does no damage.
The goblin shoots a sling bullet.
The sling bullet misses you. The gnoll barely misses you.
The gnoll hits you with a +0 whip.
You shoot an arrow.
The arrow hits the gnoll but does no damage.
The goblin shoots a sling bullet.
The sling bullet hits you. The gnoll hits you with a +0 whip.
The gnoll barely misses you.
The goblin shoots a sling bullet.
The sling bullet hits you. The gnoll hits you with a +0 whip.
The gnoll barely misses you.
You shoot an arrow. The arrow barely misses the gnoll.
The arrow hits the goblin.
The goblin is severely wounded.
The goblin shoots a sling bullet.
The sling bullet barely misses you. The gnoll barely misses you.
You furiously retaliate!
You headbutt the gnoll! The gnoll hits you with a +0 whip!
You die...

~~~~ ###################
..........)#)......
...........)....... '##
...........######## .$..
########..........# .....
#..).......'
)....g########..).......#
#.gggg@.......)########
#..ggg.........'...ggg
#)..gg.........#....gg
######################


You could see 3 gnolls, 3 hobgoblins and 4 goblins.

Vanquished Creatures
  An orc priest (D:3)
  An iguana (D:3)
  Terence (D:3)
  3 adders
  3 gnolls (D:3)
  2 worms
  2 dart slugs
  5 orcs (D:3)
  6 endoplasms
  29 goblins
  31 hobgoblins
  2 quokkas
  2 ball pythons
  A bat (D:1)
  4 frilled lizards
  11 kobolds
  8 rats
112 creatures vanquished.

Notes
Turn   | Place    | Note
-------+----------+-------------------------------------------
     0 | D:1      | qw the Minotaur Hunter began the quest for the Orb.
     0 | D:1      | Reached XP level 1. HP: 18/18 MP: 0/0
     0 | D:1      | 0 ||| qw: Version: 0.2-a-120-gdf1a93b
     0 | D:1      | 0 ||| qw: Game counter: 3119
     0 | D:1      | 0 ||| qw: Always use a shield: true
     0 | D:1      | 0 ||| qw: God list: Okawaru
     0 | D:1      | 0 ||| qw: Allow faded altars: false
     0 | D:1      | 0 ||| qw: Do Orc after D:15 true
     0 | D:1      | 0 ||| qw: Do second Lair branch before Depths: true
     0 | D:1      | 0 ||| qw: Lair rune preference: random
     0 | D:1      | 0 ||| qw: Plans: Normal
     0 | D:1      | 0 ||| PLANNING D:1-11
   109 | D:1      | Reached XP level 2. HP: 23/25 MP: 1/1
   243 | D:1      | Reached skill level 5 in Ranged Weapons
   471 | D:1      | Reached skill level 3 in Fighting
   598 | D:1      | 598 ||| READING 4 scrolls labelled DAQU AHAFUL.
   599 | D:1      | 599 ||| READING scroll labelled ROEFOZUGIH.
   600 | D:1      | 600 ||| READING scroll labelled GIRPHIU JE IZUPP.
   601 | D:1      | 601 ||| READING scroll labelled DEN IZAEBOPISKES.
   602 | D:1      | 602 ||| DRINKING 2 glowing puce potions.
   603 | D:1      | 603 ||| DRINKING 2 viscous orange potions.
   604 | D:1      | 604 ||| DRINKING 2 fizzy green potions.
   604 | D:1      | Gained mutation: You are weak. (Str -2) [potion of
                  | mutation]
   604 | D:1      | Gained mutation: You are strong-willed. (Will+) [potion of
                  | mutation]
   604 | D:1      | Gained mutation: You have an increased reservoir of magic.
                  | (+10% MP) [potion of mutation]
   605 | D:1      | 605 ||| DROPPING scroll of butterflies.
   606 | D:1      | 606 ||| DROPPING potion of invisibility.
   842 | D:2      | Reached XP level 3. HP: 31/31 MP: 2/2
  1404 | D:2      | 1404 ||| UPGRADING to ring of see invisible.
  1405 | D:2      | 1405 ||| READING scroll labelled RYSHAB PINYOZA.
  1408 | D:2      | 1408 ||| READING scroll labelled GAOMUD BEXKA.
  1409 | D:2      | 1409 ||| READING scroll labelled ROKLYE ZUHA.
  1410 | D:2      | 1410 ||| READING 3 scrolls of identify.
  1410 | D:2      | 1410 ||| IDENTIFYING white potion
  1411 | D:2      | 1411 ||| READING 2 scrolls of identify.
  1411 | D:2      | 1411 ||| IDENTIFYING metallic brown potion
  1412 | D:2      | 1412 ||| DROPPING potion of degeneration.
  1497 | D:3      | Noticed Terence
  1502 | D:3      | Killed Terence
  1503 | D:3      | Reached skill level 6 in Ranged Weapons
  1503 | D:3      | Reached XP level 4. HP: 38/38 MP: 3/3
  1577 | D:3      | Found a radiant altar of Vehumet.
  1682 | D:3      | Reached XP level 5. HP: 32/46 MP: 4/4
  1962 | D:3      | Reached skill level 7 in Ranged Weapons
  1963 | D:3      | HP: 11/46 [gnoll/+0 spear (6)]
  1964 | D:3      | 1964 ||| DRINKING potion of heal wounds.
  1968 | D:3      | HP: 11/46 [gnoll/+0 spear (3)]
  2237 | D:3      | 2237 ||| FLEEEEING.
  2434 | D:3      | 2434 ||| Stepping ~*~*~tactically~*~*~ (outnumbered).
  2438 | D:3      | Reached XP level 6. HP: 45/52 MP: 5/5
  2444 | D:3      | HP: 13/52 [goblin/sling bullet (3)]
  2445 | D:3      | Slain by a gnoll

Levels and vault maps discovered:
D:1:      minmay_arrival_four_houses, layout_loops_ring
D:2:      layout_basic
D:3:      minmay_goblin_kobold_castle, layout_rooms, lemuel_crystal_altar,
          chequers_serial_rivers_micro_e, st_stairs_11, uniq_terence

Skill      XL: |  1  2  3  4  5 |
---------------+----------------+-----
Ranged Weapons | 5 6 7 |  7.4
Fighting       | 3 4 |  4.0
Dodging        | |  2.1
Stealth        | |  0.7

Action                     |  1- 3 |  4- 6 || total
---------------------------+-------+-------++-------
   Fire: Shortbow          |    93 |   127 ||   220
    Use: Scroll            |     9 |       ||     9
         Potion            |     3 |     1 ||     4
 Armour: Leather armour    |     5 |    31 ||    36
  Dodge: Dodged            |    15 |    86 ||   101

Table legend:
 A = Non-vault XP
 B = Vault XP
 C = Vault XP percentage of total XP
 D = Non-vault monster count
 E = Vault monster count
 F = Vault count percentage of total count
                 A         B        C        D         E       F
            +---------+---------+-------+---------+---------+-------
      Total |     167 |     227 |  57.6 |      52 |      60 |  53.6
            +---------+---------+-------+---------+---------+-------
        D:1 |      34 |       0 |   0.0 |      22 |       0 |   0.0
        D:2 |      41 |       0 |   0.0 |      15 |       0 |   0.0
        D:3 |      92 |     227 |  71.2 |      15 |      60 |  80.0
            +---------+---------+-------+---------+---------+-------
